 Dungeon Crawl Stone Soup version 0.20.0-6-gd3061e9 (webtiles) character file.

104 straycat the Magician (level 4, 0/36 HPs)
             Began as a Demigod Wanderer on May 28, 2017.
             Slain by an orc priest
             ... wielding a +0 club
              (2 damage)
             ... on level 3 of the Dungeon on May 29, 2017.
             The game lasted 00:15:58 (1381 turns).

straycat the Magician (Demigod Wanderer)            Turns: 1381, Time: 00:15:58

Health: 0/36       AC: 11    Str: 14 (15) XL:     4   Next: 28%
Magic:  11/11      EV:  3    Int: 13 (16) God:
Gold:   111        SH:  4    Dex: 15 (17) Spells: 8/9 levels left

rFire    . . .     SeeInvis .   D - +0 trident
rCold    . . .     Gourm    .   j - +0 buckler
rNeg     . . .     Faith    .   r - +0 plate armour
rPois    .         Spirit   .   q - +0 helmet
rElec    .         Reflect  .   (no cloak)
rCorr    .         Harm     .   (no gloves)
MR       .....                  (no boots)
Stlth    ..........             (no amulet)
Regen    0.2/turn               t - ring of loudness (curse)
MPRegen  0.2/turn               (no ring)

@: no status effects
A: high mp 1
a: no special abilities


You were on level 3 of the Dungeon.
You were not hungry.

You visited 1 branch of the dungeon, and saw 3 of its levels.

You collected 111 gold pieces.

Inventory:

Hand Weapons
 i - a +0 dagger
 w - a +0 hunting sling
 D - a +0 trident (weapon)
 E - a +1 quarterstaff of crushing
Missiles
 h - 38 arrows
 p - 24 bolts
 s - 21 stones (quivered)
 x - 17 poisoned needles
Armour
 d - a +0 robe
 e - a +3 leather armour
 j - a +0 buckler (worn)
 q - a +0 helmet (worn)
 r - a +0 plate armour (worn)
Jewellery
 t - a cursed ring of loudness (left hand)
Scrolls
 c - 2 scrolls of teleportation
 o - a scroll of identify
 u - a scroll of noise {unknown}
 y - a scroll of immolation {unknown}
 A - a scroll of blinking {unknown}
 C - a scroll of fear {unknown}
Books
 a - a book of Maledictions

   Spells                             Type                      Level
   a - Corona                         Hexes                        1
   b - Ensorcelled Hibernation        Hexes/Ice                    2
   c - Confuse                        Hexes                        3
   d - Tukima's Dance                 Hexes                        3
   e - Dazzling Spray                 Conjuration/Hexes            3
 b - the Guide on Stolen Souls

   Spells                             Type                      Level
   a - Corpse Rot                     Necromancy                   2
   b - Sublimation of Blood           Necromancy                   2
Comestibles
 f - 2 bread rations
 g - 2 chunks of flesh
 k - 2 fruits


   Skills:
 * Level 2.0 Fighting
 * Level 1.4 Short Blades
   Level 1.0 Bows
 + Level 1.5 Armour
 * Level 1.5 Dodging
 + Level 0.8 Stealth
 * Level 1.2 Shields
 + Level 3.0 Spellcasting
 + Level 1.7 Hexes
   Level 1.0 Evocations


You had 8 spell levels left.
You knew the following spells:

 Your Spells              Type           Power        Failure   Level  Hunger
a - Corona                Hex            #......      100%        1    #......


Dungeon Overview and Level Annotations

Branches:
Dungeon (3/15)


Innate Abilities, Weirdness & Mutations

You have an increased reservoir of magic. (+10% MP)


Message History

You reach to attack!
You hit the orc.
You kill the orc!
The orc hits you but does no damage.
The orc priest hits you but does no damage.
The orc hits you with a flail.
* * * LOW HITPOINT WARNING * * *
As you read the scroll labeled UDDARAMEFF, it crumbles to dust.
It is a scroll of amnesia.
Forget which spell ([?*] list [ESC] exit)?
Forget which spell ([?*] list [ESC] exit)?
Okay, then.
The orc priest hits you with a club.
* * * LOW HITPOINT WARNING * * *
Unknown command.
Unknown command.
As you read the scroll labeled LUHEIT COHUINO, it crumbles to dust.
It is a scroll of identify.
E - a +1 quarterstaff of crushing The orc hits you but does no damage.
The orc priest hits you with a club.
You die...

## .# ...o.# .##
...o.# ..######.#
.o...#. ..........
.[..... #..#####.# ##
....... .......... #..
....... ......##.###
#.#####.......
......#<...
#.#@oo'.......
......##.##
#.#o###.......
..........# #.#.#
.#+####
.....###..####.#.###.#
###.## #.....(.......#
###..###.#####'#+#####
.........[...........+
..##..##.####......###
..'...##.# #......#


You could see an orc priest and 2 orcs.

Vanquished Creatures
  An orc priest (D:2)
  An orc wizard (D:3)
  2 worms (D:2)
  A dart slug (D:1)
  A leopard gecko (D:2)
  2 orcs (D:3)
  3 giant cockroaches
  3 goblins
  4 hobgoblins
  4 jackals (D:3)
  A kobold (D:1)
  2 bats
  2 frilled lizards (D:2)
  9 rats
  A spectral orc (D:2)
37 creatures vanquished.

Notes
Turn   | Place    | Note
-------+----------+-------------------------------------------
     0 | D:1      | straycat the Demigod Wanderer began the quest for the Orb.
     0 | D:1      | straycat set off with: a book of Maledictions, the Guide on Stolen Souls, a scroll of teleportation, a +0 robe, a +0 club, a bread ration
     0 | D:1      | Reached XP level 1. HP: 16/16 MP: 6/6
     0 | D:1      | Identified the Guide on Stolen Souls
    10 | D:1      | Learned a level 1 spell: Corona
   394 | D:1      | Reached XP level 2. HP: 17/23 MP: 8/8
   712 | D:2      | Reached skill level 1 in Dodging
   941 | D:2      | Found a basalt altar of Yredelemnul.
  1021 | D:2      | Reached XP level 3. HP: 26/28 MP: 10/10
  1140 | D:2      | Reached skill level 1 in Short Blades
  1165 | D:3      | Reached skill level 3 in Spellcasting
  1165 | D:3      | Reached XP level 4. HP: 36/36 MP: 11/11
  1380 | D:3      | HP: 1/36 [orc priest/club (1)]
  1381 | D:3      | Slain by an orc priest

Skill      XL: |  1  2  3 |
---------------+----------+-----
Dodging        | 1 |  1.5
Short Blades   | 1 |  1.4
Fighting       | 2 |  2.0
Spellcasting   | 3 |  3.0
Bows           | |  1.0
Armour         | |  1.5
Stealth        | |  0.8
Shields        | |  1.2
Hexes          | |  1.7
Evocations     | |  1.0

Action                   |  1- 3 |  4- 6 || total
-------------------------+-------+-------++-------
Melee: Club              |    51 |       ||    51
       Flail             |    67 |       ||    67
       Trident           |     9 |    29 ||    38
 Cast: Corona            |     2 |       ||     2
  Use: Potion            |     1 |     5 ||     6
       Scroll            |       |     3 ||     3
  Eat: Chunk             |     1 |     1 ||     2
Armor: Plate armour      |    93 |    40 ||   133
       Robe              |     6 |       ||     6
Dodge: Dodged            |    36 |     9 ||    45
Block: Buckler           |    29 |     7 ||    36
